AoeStats
← manchoguz

MegaRandom

506476632Analyzed
1v1 RM · 19d ago on Sep 13, 2026· 45m 4s· 2 players
Game mode
Random Map
Map size
Tiny (2 player)
Population
200
Speed
Normal
Resources
Standard
Victory
Conquest
Starting age
Dark Age
Ending age
Imperial Age
RankedLock teamsTeams togetherTeam positionsShared explorationLock speedFull tech treeHidden civsTurbo modeCheats
Victory
Defeat
🇷🇴 Franks · Romania
223
+9
🇺🇸 Khmer · United States
49
-9
Brașoveanu'
1:39 Loom
14:11 Feudal Age
15:38 Double-Bit Axe
16:57 Wheelbarrow
27:02 Castle Age
27:39 Forging
27:30 Scale Mail Armor
27:37 Scale Barding Armor
30:48 Iron Casting
30:28 Chain Mail Armor
30:34 Hand Cart
34:08 Chain Barding Armor
34:07 Gold Mining
36:50 #83
manchoguz
2:05 Loom
15:47 Feudal Age
16:39 Horse Collar
18:26 Wheelbarrow
17:42 Town Watch
21:16 Double-Bit Axe
21:49 Bloodlines
26:28 Castle Age
24:53 Forging
24:45 Scale Mail Armor
24:42 Fishing Lines
26:45 Scale Barding Armor
27:18 Husbandry
28:14 Hand Cart
28:12 Gillnets
28:36 Heavy Plow
29:32 Town Patrol
Connection lost

Rejoining the realm…

Still unreachable

The connection could not be restored.

Session expired

The server has moved on; the page needs a fresh start.